 Dungeon Crawl Stone Soup version 0.29.1-2-gbd0b4ee654 (webtiles) character file.

Game seed: 16223601687130740553

168 MacCMillion the Ducker (level 5, 0/25 HPs)
             Began as a Spriggan Arcane Marksman on Nov 23, 2022.
             Killed from afar by an orc wizard (9 damage)
             ... with a puff of flame
             ... on level 3 of the Dungeon.
             The game lasted 00:06:50 (3662 turns).

MacCMillion the Ducker (Spriggan Arcane Marksman)   Turns: 3662, Time: 00:06:50

Health: 0/25       AC:  2    Str:  6    XL:     5   Next: 24%
Magic:  8/8        EV: 20    Int: 14    God:
Gold:   245        SH:  0    Dex: 18    Spells: 5/6 levels left

rFire   . . .      SeeInvis +   a - +1 sling
rCold   . . .      Faith    .   (no shield)
rNeg    . . .      Spirit   .   c - +0 robe
rPois   .          Reflect  .   (helmet restricted)
rElec   .          Harm     .   (no cloak)
rCorr   .          Rampage  .   (gloves unavailable)
Will    .....                   (boots unavailable)
Stlth   ++........              (no amulet)
HPRegen 0.08/turn               (no ring)
MPRegen 0.11/turn               (no ring)

@: very quick
A: very small, no large weapons, unfitting armour, see invisible, speed 3
a: no special abilities


You were on level 3 of the Dungeon.
You visited 1 branch of the dungeon, and saw 4 of its levels.

You collected 284 gold pieces.
You spent 39 gold pieces at shops.

Inventory:

Hand Weapons
 a - a +1 sling (weapon)
Armour
 c - a +0 robe (worn)
Jewellery
 l - a ring of protection from fire
 r - a +4 ring of protection
Scrolls
 b - a scroll of poison
 d - a scroll of identify {unknown}
 e - 2 scrolls of vulnerability {unknown}
 f - a scroll of amnesia {unknown}
 g - a scroll of enchant armour {unknown}
 i - a scroll of magic mapping {unknown}
 m - 2 scrolls of noise {unknown}
 o - a scroll of enchant weapon {unknown}
 p - a scroll of blinking {unknown}
 q - a scroll of teleportation {unknown}
Potions
 h - 3 potions of curing
 j - 2 potions of might {unknown}
 k - a potion of attraction {unknown}
 n - 2 potions of haste {unknown}
 s - a potion of degeneration {unknown}


   Skills:
 - Level 0.7 Fighting
 + Level 4.1 Ranged Weapons
 + Level 5.4 Dodging
 - Level 1.3 Spellcasting
 - Level 3.6 Hexes


You had 5 spell levels left.
You knew the following spells:

 Your Spells              Type           Power      Damage    Failure   Level
a - Slow                  Hex            44%        N/A       6%          1

Your spell library contained the following spells:

 Spells                   Type           Power      Damage    Failure   Level
 Ensorcelled Hibernation  Hex/Ice        12%        N/A       19%         2
 Inner Flame              Hex/Fire       6%         N/A       36%         3
 Portal Projectile        Hex/Tloc       12%        N/A       36%         3
 Cause Fear               Hex            5%         N/A       50%         4
 Conjure Flame            Conj/Fire      0%         6-21      58%         3
 Spider Form              Tmut/Pois      0%         N/A       58%         3
 Anguish                  Hex/Necr       3%         N/A       77%         4
 Ozocubu's Refrigeration  Ice            0%         4d7       100%        7


Dungeon Overview and Level Annotations

Branches:
Dungeon (4/15)
 Temple: D:4-7

Altars:

Shops:
D:3 !


Innate Abilities, Weirdness & Mutations

You are very small and have problems with some larger weapons.
You are too small for most types of armour.
You have supernaturally acute eyesight. (SInv)
You cover ground extremely quickly. (Speed+++)


Message History

You kill the orc!
No target in view!
No target in view!
You see here a +0 dagger.
You now have 236 gold pieces (gained 9).
Found a club.
You see here a +0 club.
There is a stone staircase leading down here.
You now have 245 gold pieces (gained 9).
An orc wizard is nearby!
You shoot a sling bullet. The orc wizard shouts!
The sling bullet hits the orc wizard.
The orc wizard is moderately wounded.
The orc wizard casts a spell at you. The magic dart hits you!
You shoot a sling bullet. The sling bullet hits the orc wizard.
The orc wizard is heavily wounded.
You shoot a sling bullet.
The sling bullet closely misses the orc wizard.
The orc wizard mumbles some strange words.
The orc wizard flickers and vanishes for a moment.
You shoot a sling bullet.
The sling bullet barely misses the orc wizard.
You shoot a sling bullet. The sling bullet hits the orc wizard.
The orc wizard is almost dead.
The orc wizard points at you and mumbles some strange words.
The puff of flame misses you.
You shoot a sling bullet.
The sling bullet hits the orc wizard but does no damage.
The orc wizard is almost dead.
The orc wizard gestures at you while chanting.
The puff of flame hits you!
You are too injured to fight recklessly! 2 goblins come into view.
Found a scroll labelled LOXIT DYUGAHUDD.
The goblin shouts!
The orc wizard points at you and mumbles some strange words.
The puff of flame hits you!
You die...

##.........####..##..######..#.#.
#................o...............
#.#>#####.#####..##.#.#####..###.
#.#.## #.#####..##.# #...#.#
#....# #...........# ####..#.##
#..#.# #######..#### .........#
##...# #..# ####..##.# ##.## #..#
#.. #.# #.# #.@# ##..##.# #.#
#..# #.....#. #.# ....8 ######.#
##.# ###.... #.# #..# #..... #.#
#..# #...... #.# ##.(# #......g
#.. ....# #.....?g. #.. .#.## #..


You could see an orc wizard (invisible) and 2 goblins.

Vanquished Creatures
  An orc priest (D:3)
  An iguana (D:4)
  Robin (D:3)
  A worm (D:2)
  5 dart slugs
  6 orcs (D:3)
  4 endoplasms
  2 giant cockroaches
  8 hobgoblins
  8 jackals
  4 quokkas
  3 ball pythons
  5 bats
  14 goblins
  8 kobolds
  4 rats
75 creatures vanquished.

Notes
Turn   | Place    | Note
-------+----------+-------------------------------------------
     0 | D:1      | MacCMillion the Spriggan Arcane Marksman began the quest
                  | for the Orb.
     0 | D:1      | Reached XP level 1. HP: 9/9 MP: 3/3
    78 | D:1      | Found a faded altar of an unknown god.
   104 | D:1      | Reached skill level 3 in Dodging
   172 | D:1      | Reached XP level 2. HP: 14/14 MP: 3/5
   980 | D:1      | Reached XP level 3. HP: 17/17 MP: 6/6
  1437 | D:2      | Reached skill level 4 in Dodging
  2105 | D:3      | Reached XP level 4. HP: 17/21 MP: 7/7
  2577 | D:4      | Reached skill level 5 in Dodging
  2896 | D:3      | Found Zaypets's Distillery.
  2904 | D:3      | Bought a potion of curing for 39 gold pieces
  2934 | D:3      | Got the Omnibus of Singed Cold
  3272 | D:3      | Noticed Robin
  3327 | D:3      | Killed Robin
  3328 | D:3      | Reached XP level 5. HP: 16/25 MP: 5/8
  3662 | D:3      | Killed from afar by an orc wizard

Illustrated notes

Levels and vault maps discovered:
D:1:      dpeg_arrival_ternary, layout_basic,
          shapermc_ecumenical_altar_starsandcircs, palyth_stone_intersect
D:2:      layout_rooms
D:3:      kennysheep_the_goblin_king, layout_loops_ring, serial_shops,
          shop_coins, uniq_robin
D:4:      layout_gridville

Skill      XL: |  1  2  3  4  5 |
---------------+----------------+-----
Dodging        | 3 4 5 |  5.4
Ranged Weapons | 3 4 |  4.1
Fighting       | |  0.7
Spellcasting   | |  1.3
Hexes          | |  3.6

Action                   |  1- 3 |  4- 6 || total
-------------------------+-------+-------++-------
 Fire: Sling             |   138 |   101 ||   239
 Cast: Slow              |     6 |     4 ||    10
Armor: Robe              |     2 |     2 ||     4
Dodge: Dodged            |    30 |    34 ||    64
